 Dungeon Crawl Stone Soup version 0.28.0 (webtiles) character file.

Game seed: 1904831144849353047

15647 tizbic2 the Covert (level 12, -5/115 (118) HPs)
             Began as a Kobold Berserker on Feb 7, 2022.
             Was an Elder of Trog.
             Slain by a seven-headed hydra (7 damage)
             ... on level 2 of the Lair of Beasts.
             The game lasted 01:05:11 (12717 turns).

tizbic2 the Covert (Kobold Berserker)              Turns: 12717, Time: 01:05:12

HP:   -5/115 (118)  AC: 15    Str: 16    XL:     12   Next: 60%
MP:   12/12         EV: 18    Int:  9    God:    Trog [****..]
Gold: 665           SH:  0    Dex: 19    Spells: 11/11 levels left

rFire   + . .      SeeInvis .   F - +2 short sword (venom)
rCold   . . .      Faith    .   (no shield)
rNeg    . . .      Spirit   .   o - +2 ring mail {rF+}
rPois   .          Reflect  .   G - +0 helmet of Wonder {Str+2}
rElec   .          Harm     .   (no cloak)
rCorr   .          Rampage  .   (no gloves)
Will    ++...                   i - +0 pair of boots
Stlth   ..........              (no amulet)
HPRegen 1.29/turn               b - +4 ring of evasion
MPRegen 0.13/turn               p - +4 ring of protection

@: berserking, strong-willed, regenerating, lightly drained, very quick
A: small, no large weapons, nightstalker 3, iridescent scales 1, robust 1
a: Renounce Religion, Berserk, Trog's Hand, Brothers in Arms


You were on level 2 of the Lair of Beasts.
You worshipped Trog.
Trog was greatly pleased with you.
You visited 2 branches of the dungeon, and saw 12 of its levels.

You collected 665 gold pieces.

Inventory:

Hand Weapons
 q - a +3 dagger of speed
 w - the +7 lajatang of Order {silver, rMut}
   (You found it on level 5 of the Dungeon)

   It inflicts extra damage upon those it strikes, and deals substantially
   increased damage to chaotic, mutated and magically transformed beings.
   rMut:      It protects you from mutation.
 F - a +2 short sword of venom (weapon)
Missiles
 c - 88 bolts
 f - 262 stones (quivered)
 h - 2 throwing nets
 j - 32 poisoned darts
 k - 9 boomerangs
Armour
 g - a +3 scale mail
 i - a +0 pair of boots (worn)
 o - a +2 ring mail of fire resistance (worn)
 G - the +0 helmet of Wonder (worn) {Str+2}
   (You acquired it on level 2 of the Lair of Beasts)

   Str:       It affects your strength (+2).
Jewellery
 b - a +4 ring of evasion (left hand)
 l - a ring of positive energy
 p - a +4 ring of protection (right hand)
Wands
 d - a wand of iceblast (29)
 x - a wand of flame (22)
 y - a wand of mindburst (3)
Scrolls
 m - 3 scrolls of magic mapping
 r - 5 scrolls of blinking
 z - 2 scrolls of teleportation
 C - 3 scrolls of fear
Potions
 a - a potion of invisibility {unknown}
 e - 6 potions of curing
 s - a potion of lignification {unknown}
 u - 3 potions of mutation
 v - 3 potions of cancellation
 A - a potion of flight {unknown}
 B - 2 potions of might
 D - a potion of berserk rage {unknown}
 E - a potion of attraction {unknown}


   Skills:
 * Level 7.0 Fighting
 - Level 6.9 Short Blades
 - Level 14.0 Staves
 - Level 1.5 Armour
 - Level 2.4 Dodging
 + Level 14.2 Stealth


You had 11 spell levels left.
You didn't know any spells.
Your spell library was empty.

Dungeon Overview and Level Annotations

Branches:
Dungeon (10/15)            Temple (0/1) D:7            Lair (2/6) D:8
  Swamp: Lair:2-4    Shoals: Lair:2-4     Snake: Lair:2-4    Spider: Lair:2-4
    Orc: D:9-12

Altars:
Kikubaaqudgha
Okawaru
Zin

Shops:
D:8 :

Annotations:
D:3 3 runed translucent doors, Acetwo5's ghost, weakling MiFi


Innate Abilities, Weirdness & Mutations

You are small and have problems with some larger weapons.
You are completely attuned to the shadows.
You are partially covered in iridescent scales. (AC +2)
You are robust. (+10% HP)


Message History

You feel yourself moving faster!
You feel mighty! Trog will no longer gift you weapons.
The seven-headed hydra barely misses you.
The seven-headed hydra bites you but does no damage.
The seven-headed hydra bites you.
* * * LOW HITPOINT WARNING * * *
The seven-headed hydra barely misses you.
The seven-headed hydra bites you!
* * * LOW HITPOINT WARNING * * *
The seven-headed hydra bites you.
* * * LOW HITPOINT WARNING * * *
The seven-headed hydra completely misses you.
You puncture the seven-headed hydra!
The seven-headed hydra is heavily wounded.
The seven-headed hydra completely misses you.
The seven-headed hydra bites you.
* * * LOW HITPOINT WARNING * * *
The seven-headed hydra bites you but does no damage.
The seven-headed hydra closely misses you.
The seven-headed hydra bites you but does no damage. x2
The seven-headed hydra bites you.
* * * LOW HITPOINT WARNING * * *
The alligator puts on a burst of speed!
You hit the seven-headed hydra.
The seven-headed hydra is heavily wounded.
You hit the seven-headed hydra.
The seven-headed hydra looks as sick as possible!
The seven-headed hydra is severely wounded.
The alligator bites you!
* * * LOW HITPOINT WARNING * * *
The alligator barely misses you.
You are too berserk!
You puncture the seven-headed hydra!
The seven-headed hydra is almost dead.
The seven-headed hydra misses you. x2
The seven-headed hydra bites you but does no damage.
The seven-headed hydra misses you.
The seven-headed hydra completely misses you.
The seven-headed hydra bites you!
You die...

#....##.....#....#
....†PP....
##...#...÷........
#..#..#.... ##.≈≈......P....
.. #.#..... ##≈≈≈.....#..#. .
###..... #≈≈≈≈.....#########
###......
#≈≈≈.......###.≈≈.#..###.....
#≈≈.......###........≈ #.....
#≈≈..#######....≈≈...# ##....
#≈≈....##...@D.≈≈≈≈... ##...
#≈≈≈........t≈≈≈≈≈≈≈.. #...
#≈≈≈≈≈≈..≈≈≈≈≈≈≈≈≈≈≈≈. ##..
##≈≈≈≈≈≈≈≈≈≈≈≈≈≈≈≈≈≈≈ #...
####≈≈≈≈≈≈###≈≈≈≈≈ #...
######## #... ##.. ##..
####### #...


You could see an alligator (swift) and a seven-headed hydra (extremely
poisoned).

Vanquished Creatures
  A dire elephant (Lair:2)
  3 hydras
  The ghost of RBrandon the Thaumaturge, a novice DjSu of Ashenzari (D:8)
  Pikel (D:6)
  A manticore (D:8)
  2 black mambas (Lair:2)
  Joseph (D:9)
  A kobold demonologist (D:9)
  2 rime drakes (Lair:2)
  6 komodo dragons
  7 blink frogs (Lair:2)
  9 yaks
  2 wyverns (D:8)
  A basilisk (D:8)
  2 steam dragons
  13 water moccasins
  4 black bears
  An ice beast (D:7)
  5 wolves (Lair:2)
  A necrophage (D:5)
  An ogre (D:6)
  4 centaurs
  3 kobold brigands
  A gnoll sergeant (D:7)
  A wyvern zombie (D:7)
  3 bullfrogs
  7 scorpions
  A water moccasin zombie (D:6)
  3 wights (D:9)
  A howler monkey (D:8)
  An electric eel (Lair:2)
  A bullfrog zombie (D:6)
  A crimson imp (D:5)
  7 orc priests
  4 hounds
  A jelly (D:6)
  2 centaur zombies
  A hell rat (Lair:2)
  5 iguanas
  6 orc wizards
  A scorpion zombie (D:5)
  A killer bee zombie (D:7)
  2 howler monkey zombies
  A howler monkey skeleton (D:7)
  10 gnolls
  4 adders
  8 river rats (D:4)
  A shadow imp (D:7)
  2 white imps
  An ufetubus (D:4)
  6 worms
  2 dart slugs (D:2)
  25 orcs
  9 ball pythons
  5 bats
  8 endoplasms
  2 giant cockroaches
  9 goblins
  5 hobgoblins
  5 quokkas
  3 frilled lizards
  27 kobolds
  18 rats
273 creatures vanquished.

Vanquished Creatures (others)
  An orc priest (D:8)
  10 fungi
  15 plants
  4 toadstools (D:5)
30 creatures vanquished.

Grand Total: 303 creatures vanquished

Notes
Turn   | Place    | Note
-------+----------+-------------------------------------------
     0 | D:1      | tizbic2 the Kobold Berserker began the quest for the Orb.
     0 | D:1      | Reached XP level 1. HP: 14/14 MP: 1/1
    46 | D:1      | Reached skill level 1 in Stealth
   169 | D:1      | Reached XP level 2. HP: 19/19 MP: 2/2
   640 | D:1      | Reached XP level 3. HP: 20/23 MP: 3/3
   794 | D:1      | Reached ** piety under Trog
  1709 | D:2      | Found an iron altar of Okawaru.
  1742 | D:2      | Reached XP level 4. HP: 20/28 MP: 4/4
  2116 | D:2      | Reached skill level 5 in Short Blades
  2594 | D:3      | Found an ancient bone altar of Kikubaaqudgha.
  2600 | D:3      | Found a glowing silver altar of Zin.
  2733 | D:3      | Found a runed translucent gate.
  2733 | D:3      | Found a runed translucent gate.
  2733 | D:3      | Found a runed translucent gate.
  2736 | D:3      | Noticed a kobold brigand
  2736 | D:3      | Noticed Acetwo5's ghost (weakling MiFi)
  2746 | D:3      | Reached skill level 5 in Stealth
  2746 | D:3      | Reached XP level 5. HP: 29/32 MP: 5/5
  3480 | D:4      | Reached *** piety under Trog
  3531 | D:4      | Reached XP level 6. HP: 37/37 MP: 6/6
  4459 | D:4      | Gained mutation: You passively map a small area around you.
                  | [potion of mutation]
  4459 | D:4      | Gained mutation: You are dopey. (Int -2) [potion of
                  | mutation]
  4948 | D:5      | Entered Level 5 of the Dungeon
  5003 | D:5      | Reached XP level 7. HP: 32/41 MP: 7/7
  5430 | D:5      | Found the +7 lajatang of Order {silver, rMut}
  5543 | D:5      | HP: 2/41 [poisoned by a scorpion]
  5937 | D:5      | Reached skill level 1 in Staves
  6002 | D:5      | Reached XP level 8. HP: 46/46 MP: 8/8
  6200 | D:6      | Reached skill level 10 in Stealth
  6454 | D:6      | Noticed Pikel
  6477 | D:6      | Killed Pikel
  6478 | D:6      | Reached XP level 9. HP: 51/51 MP: 9/9
  6689 | D:6      | Reached **** piety under Trog
  7308 | D:7      | Noticed a six-headed hydra
  7313 | D:7      | Killed a six-headed hydra
  7346 | D:7      | Reached XP level 10. HP: 58/58 MP: 10/10
  7562 | D:7      | Found a staircase to the Ecumenical Temple.
  8096 | D:8      | Found Irimiosm's Self-Improvement Boutique.
  8115 | D:8      | Noticed a manticore
  8121 | D:8      | Killed a manticore
  8740 | D:8      | Reached skill level 10 in Staves
  8745 | D:8      | Found a staircase to the Lair.
  8749 | D:8      | Reached XP level 11. HP: 45/62 MP: 11/11
  9055 | D:8      | Found a runed translucent gate.
  9055 | D:8      | Found a runed translucent gate.
  9055 | D:8      | Found a runed translucent gate.
  9089 | D:8      | Identified the +0 ring mail "Rijaob" {rC+}
  9263 | D:8      | Noticed RBrandon's ghost (novice DjSu)
  9267 | D:8      | Killed RBrandon's ghost
  9648 | D:9      | Noticed Joseph
  9651 | D:9      | Killed Joseph
 10481 | D:10     | Entered Level 10 of the Dungeon
 10783 | Lair:1   | Entered Level 1 of the Lair of Beasts
 11126 | Lair:1   | Noticed a six-headed hydra
 11129 | Lair:1   | Killed a six-headed hydra
 11234 | Lair:1   | Lost mutation: You are dopey. (Int -2) [potion of mutation]
 11234 | Lair:1   | Lost mutation: You passively map a small area around you.
                  | [potion of mutation]
 11234 | Lair:1   | Gained mutation: You are robust. (+10% HP) [potion of
                  | mutation]
 11234 | Lair:1   | Gained mutation: You are partially covered in iridescent
                  | scales. (AC +2) [potion of mutation]
 11333 | Lair:1   | Lair:1
 11353 | Lair:2   | Noticed a six-headed hydra
 11365 | Lair:2   | Killed a ten-headed hydra
 11604 | Lair:2   | Reached XP level 12. HP: 55/73 MP: 12/12
 11779 | Lair:2   | Reached ***** piety under Trog
 12125 | Lair:2   | Identified a scroll of acquirement
 12125 | Lair:2   | Acquired the +0 helmet of Wonder {Str+2}
 12169 | Lair:2   | Reached skill level 5 in Fighting
 12202 | Lair:2   | Noticed a seven-headed hydra
 12208 | Lair:2   | Noticed a dire elephant
 12429 | Lair:2   | Killed a dire elephant
 12698 | Lair:2   | Noticed an alligator
 12716 | Lair:2   | HP: 2/115 [alligator (9)]
 12717 | Lair:2   | Slain by a seven-headed hydra

Illustrated notes

## #### ## ###
#.###.P#######P############.###..
...............................^.
...........[....@................
#'.#.............................
...'.............................
...#.............................
...#[..........#.######..#'##....
...#...........### #...#....#..
........###P##..# ##..#....#..
...#....#####P.## #...#....#..
........P# ##.# ##..##.P##..


Turn 11333 on Lair:1: Lair:1

Levels and vault maps discovered:
D:1:      matt_arrival_los_fun, layout_basic
D:2:      minmay_chambers_of_twos, layout_basic, basic_altar
D:3:      layout_basic, amethyst_overflow_temple_binary,
          gammafunk_ghost_nasty_kobolds, kennysheep_big_empty_room,
          minmay_door_square, skrybe_limestone_x,
          chequers_serial_rivers_micro_b, minmay_misc_feat_plants,
          kennysheep_cluttered_room
D:4:      layout_cave_pods, dk_rats_in_the_wall
D:5:      layout_rooms, minmay_gold_behind_fungi, minmay_fire_ice_demons
D:6:      layout_gridville, uniq_pikel
D:7:      layout_basic, minmay_temple_entry_crystal_x
D:8:      layout_basic, minmay_lair_entry_grove, ebering_ghost_rock_garden,
          chequers_serial_rivers_large_a, nicolae_shop_self_help
D:9:      layout_gridville, uniq_joseph
D:10:     layout_cave_pods, minmay_unpleasant_kobolds, uniq_erolcha
Lair:1:   layout_chaotic_city, grunt_megastairs_1, serial_bayou_shore_b
Lair:2:   layout_regular_city, minmay_hedge_maze, nicolae_lair_lakeside_cave

Skill      XL: |  1  2  3  4  5  6  7  8  9 10 11 12 |
---------------+-------------------------------------+-----
Stealth        | 1 2 3 5 6 7 9 12 13 14 | 14.2
Short Blades   | 5 6 |  6.9
Staves         | 1 3 6 10 13 14 | 14.0
Fighting       | 4 7 |  7.0
Armour         | |  1.5
Dodging        | |  2.4

Action                   |  1- 3 |  4- 6 |  7- 9 | 10-12 || total
-------------------------+-------+-------+-------+-------++-------
Melee: Short sword       |    21 |       |       |     8 ||    29
       Dagger            |    93 |   238 |   100 |    70 ||   501
       Falchion          |       |    18 |    14 |       ||    32
       Punch             |       |     1 |     2 |     1 ||     4
       Lajatang          |       |       |    83 |   269 ||   352
Throw: Stone             |       |     1 |       |     1 ||     2
Invok: Berserk           |     1 |     5 |     4 |     4 ||    14
       Trog's Hand       |       |     1 |     1 |     2 ||     4
  Use: Scroll            |     2 |     5 |     4 |     8 ||    19
       Potion            |       |     2 |     2 |     2 ||     6
 Stab: Sleeping          |    11 |    14 |    18 |    42 ||    85
       Distracted        |       |     2 |       |     1 ||     3
Armor: Leather armour    |     3 |       |       |       ||     3
       Ring mail         |     6 |    14 |    68 |   121 ||   209
       Scale mail        |       |    17 |       |       ||    17
Dodge: Dodged            |    44 |   102 |   118 |   270 ||   534
